 Dungeon Crawl Stone Soup version 0.26.0-10-g1f06aea511 (webtiles) character file.

Game seed: 15621025195256695151

46 Borgoz the Slasher (level 3, -14/30 HPs)
             Began as a Ghoul Gladiator on Jan 18, 2021.
             Demolished by an orc warrior
             ... wielding a +0 scimitar
              (16 damage)
             ... on level 2 of the Dungeon.
             The game lasted 00:01:17 (1092 turns).

Borgoz the Slasher (Ghoul Gladiator)                Turns: 1092, Time: 00:01:18

Health: -14/30     AC:  5    Str: 17    XL:     3   Next: 66%
Magic:  2/2        EV: 12    Int:  3    God:
Gold:   58         SH:  0    Dex: 11    Spells: 2/2 levels left

rFire    + . .     SeeInvis .   a - +0 long sword
rCold    + + .     Faith    .   (no shield)
rNeg     + + +     Spirit   .   b - +0 leather armour
rPois    ∞         Reflect  .   j - +2 hat
rElec    +         Harm     +   i - scarf {harm}
rCorr    +         Rampage  .   (no gloves)
Will     .....                  (no boots)
Stlth    +.........             (no amulet)
HPRegen  0.00/turn              (no ring)
MPRegen  0.08/turn              (no ring)

@: resistant, attractive
A: claws 1, cold resistance 1, negative energy resistance 3, inhibited
regeneration, torment resistance, unbreathing
a: no special abilities


You were on level 2 of the Dungeon.
You visited 1 branch of the dungeon, and saw 2 of its levels.

You collected 58 gold pieces.

Inventory:

Hand Weapons
 a - a +0 long sword (weapon)
Armour
 b - a +0 leather armour (worn)
 i - a scarf of harm (worn)
 j - a +2 hat (worn)
Scrolls
 c - a scroll of enchant armour
 f - 2 scrolls of identify
 k - a scroll of remove curse {unknown}
 l - a scroll of fog {unknown}


   Skills:
 + Level 2.6 Fighting
 * Level 3.2 Long Blades
 - Level 1.7 Throwing
 * Level 1.4 Armour
 + Level 2.9 Dodging


You had 2 spell levels left.
You didn't know any spells.
Your spell library was empty.

Dungeon Overview and Level Annotations

Branches:
Dungeon (2/15)

Altars:


Innate Abilities, Weirdness & Mutations

You thrive by killing the living.
You are immune to poison.
You have sharp fingernails.
Your flesh is cold resistant. (rC+)
You are immune to negative energy. (rN+++)
You do not regenerate when monsters are visible.
You are immune to unholy pain and torment.
You can survive without breathing.


Message History

The throwing net barely misses the orc warrior.
The throwing net barely misses the quokka.
The throwing net hits the goblin.
The goblin is caught in the net!
The goblin struggles against the net.
The orc warrior hits you with a +0 scimitar!
Ouch! That really hurt!
* * * LOW HITPOINT WARNING * * *
You hit the orc warrior but do no damage.
The orc warrior is heavily wounded.
The goblin struggles against the net.
The orc warrior barely misses you.
The goblin struggles against the net.
You aren't carrying any potions.
Unknown command.
As you read the scroll labelled ACANAY ZYACETI, it crumbles to dust.
It is a scroll of identify.
c - a scroll of enchant armour The orc warrior hits you with a +0 scimitar!
Ouch! That really hurt!
You die...

## #. .. .####
...######
#........... #@#
....... #o#
......... #r##
#........
##go###........
##.o...........
.#.?............
#.......oo..##
#...........#
$.........(o.#


You could see an orc warrior, 2 orcs, a quokka and a goblin (caught).

Vanquished Creatures
  An adder (D:2)
  4 leopard geckos
  A ball python (D:1)
  A bat (D:1)
  4 giant cockroaches (D:1)
  4 goblins (D:1)
  4 hobgoblins (D:1)
  4 kobolds (D:1)
  A quokka (D:2)
  A frilled lizard (D:1)
  3 rats
28 creatures vanquished.

Notes
Turn   | Place    | Note
-------+----------+-------------------------------------------
     0 | D:1      | Borgoz the Ghoul Gladiator began the quest for the Orb.
     0 | D:1      | Reached XP level 1. HP: 17/17 MP: 0/0
   221 | D:1      | Reached XP level 2. HP: 24/24 MP: 1/1
   420 | D:1      | Reached skill level 3 in Long Blades
   430 | D:1      | Reached skill level 1 in Armour
   791 | D:1      | Reached XP level 3. HP: 30/30 MP: 2/2
  1053 | D:2      | Noticed an orc warrior
  1092 | D:2      | Demolished by an orc warrior

Illustrated notes

Levels and vault maps discovered:
D:1:      onia_arrival_pyramid, layout_loops_ring
D:2:      layout_rooms, gammafunk_temple_overflow_arena, uniq_robin

Skill      XL: |  1  2 |
---------------+-------+-----
Long Blades    | 3 |  3.2
Armour         | 1 |  1.4
Fighting       | |  2.6
Throwing       | |  1.7
Dodging        | |  2.9

Action                   || total
-------------------------++-------
Melee: Long sword        ||    94
Throw: Throwing net      ||     3
  Use: Potion            ||     3
       Scroll            ||     1
Armor: Leather armour    ||    35
Dodge: Dodged            ||    72
       Rpst.: Long sword ||    18
